 Dungeon Crawl Stone Soup version 0.22-a0-469-gf26638a (webtiles) character file.

8626 epen the Covert (level 11, -1/54 HPs)
             Began as a Felid Monk on June 12, 2018.
             Was the Champion of Dithmenos.
             Slain by a jumping spider (15 damage)
             ... on level 3 of the Lair of Beasts.
             The game lasted 00:34:49 (18398 turns).

epen the Covert (Felid Monk)                       Turns: 18398, Time: 00:34:49

Health: -1/54      AC:  6    Str:  7    XL:     11   Next: 12%
Magic:  12/12      EV: 30    Int: 13    God:    Dithmenos [******]
Gold:   92         SH:  0    Dex: 21    Spells: 10/10 levels left
                                        Lives:  0   Deaths: 2

rFire    . . .     SeeInvis +     - Unarmed
rCold    . . .     Gourm    .   (shield unavailable)
rNeg     . . .     Faith    .   (armour unavailable)
rPois    +         Spirit   .   (helmet unavailable)
rElec    .         Reflect  .   (cloak unavailable)
rCorr    .         Harm     .   (gloves unavailable)
MR       ++...                  (boots unavailable)
Stlth    ++++++++++             (no amulet)
HPRegen  0.18/turn              A - +4 ring of protection
MPRegen  0.13/turn              y - ring of poison resistance

@: wreathed by umbra, quick
A: very small, no armour, no weapons or thrown items, stealth, claws 1, fangs 3,
see invisible, carnivore, speed 1, magic resistance 1, shaggy fur 2, slow
metabolism 1, sharp paws
a: Shadow Step, Shadow Form, Renounce Religion


You were on level 3 of the Lair of Beasts.
You worshipped Dithmenos.
Dithmenos was exalted by your worship.
You were completely stuffed.

You visited 3 branches of the dungeon, and saw 16 of its levels.
You also visited: Bailey.

You collected 834 gold pieces.
You spent 742 gold pieces at shops.

Inventory:

Jewellery
 c - an uncursed ring of resist corrosion
 e - an uncursed ring of protection from cold
 f - an uncursed amulet of guardian spirit
 p - a +6 ring of strength
 r - an uncursed ring of ice
 y - a ring of poison resistance (right paw)
 A - a +4 ring of protection (left paw)
Wands
 d - a wand of flame (73)
 h - a wand of clouds (6)
 j - a wand of random effects (12)
 n - a wand of iceblast (27)
 s - a wand of polymorph (24)
 u - a wand of digging (8)
 z - a wand of paralysis (11)
Scrolls
 b - 3 scrolls of amnesia
 i - 7 scrolls of identify
 k - 6 scrolls of remove curse
 l - a scroll of silence
 q - 4 scrolls of vulnerability
 v - a scroll of blinking
 w - a scroll of fear
Potions
 g - a potion of magic
 m - a potion of cancellation
 o - 5 potions of curing
 t - 4 potions of flight
 x - 2 potions of heal wounds {unknown}
Comestibles
 a - 34 rations


   Skills:
 + Level 9.8 Fighting
 + Level 12.3 Dodging
 * Level 14.1 Stealth
 * Level 13.0 Unarmed Combat


You had 10 spell levels left.
You didn't know any spells.
Your spell library contained the following spells:

 Spells                   Type           Power        Failure   Level  Hunger
 Fireball                 Conj/Fire      #.........   100%        5    ######.
 Bolt of Fire             Conj/Fire      #.........   100%        6    #######
 Confuse                  Hex            #.......     67%         3    ####...
 Ring of Flames           Chrm/Fire      #.........   100%        7    #######
 Confusing Touch          Hex            #.....       30%         1    ##.....
 Ignite Poison            Fire/Tmut/Pois #.......     67%         3    ####...
 Metabolic Englaciation   Hex/Ice        #.........   100%        5    ######.
 Petrify                  Tmut/Erth      #.......     97%         4    #####..
 Gell's Gravitas          Tloc           #.........   67%         3    ####...
 Yara's Violent Unravell  Hex/Tmut       #.........   100%        5    ######.
 Ignition                 Fire           #.........   100%        8    #######


Dungeon Overview and Level Annotations

Branches:
Dungeon (11/15)            Temple (1/1) D:4            Lair (4/6) D:8
 Spider (0/4) Lair:3
  Swamp: Lair:2-4    Shoals: Lair:2-4       Orc: D:9-12

Altars:
Ashenzari
Cheibriados
Dithmenos
Elyvilon
Fedhas
Gozag
Hepliaklqana
Kikubaaqudgha
Makhleb
Nemelex Xobeh
Qazlal
Ru
Sif Muna
Trog
Uskayaw
Vehumet
Wu Jian
Xom
Yredelemnul
Zin
The Shining One

Shops:
D:7 ?   D:9 =

Annotations:
D:3 namelastname112's ghost, amateur BaSu
Lair:3 exclusion: oklob plant
Lair:4 exclusion: oklob plant


Innate Abilities, Weirdness & Mutations

You cannot wear armour.
You are incapable of wielding weapons or throwing items.
Your paws allow you to move quietly. (Stealth)
You have sharp claws.
You have razor-sharp teeth.
You have supernaturally acute eyesight. (SInv)
You are carnivorous and can eat meat at any time.
You cover ground quickly.
You are covered in thick fur. (AC +2)
You have a slow metabolism.
Your sharp claws are effective at attacking unaware monsters.
You are resistant to hostile enchantments. (MR+)


Message History

You start resting.
The jumping spider is too close now for your liking.
The jumping spider leaps!
You start resting.
The jumping spider is too close now for your liking.
You are too injured to fight recklessly!
You closely miss the jumping spider.
The jumping spider is heavily wounded.
The jumping spider completely misses you. x2
You scratch the jumping spider.
The jumping spider is severely wounded.
Your shadow hits the jumping spider. The jumping spider misses you. x2
You closely miss the jumping spider.
The jumping spider is severely wounded.
Your shadow hits the jumping spider but does no damage.
The jumping spider completely misses you. x2
You closely miss the jumping spider.
The jumping spider is severely wounded.
The jumping spider pounces on you!
You die...

###....... #.........
####.........
#............
##........... #####
##............
###...###.....?......#
#......#s#.....§....##
#......@#...§......##
#.......##.........#
#......####........#
##......# ##≈≈≈##..#
#.#....# ##...#####
####..## #..>..#
###.[# .#...#^# #.#..#
##.## .#
#....#####.#.####


You could see a jumping spider.

Vanquished Creatures
  Fannar (Lair:3)
  An unseen horror (D:11)
  An orc knight (Bailey)
  2 black mambas
  5 spiny frogs
  3 rime drakes
  5 komodo dragons
  3 jumping spiders (Lair:3)
  2 trolls (D:9)
  A polar bear (Lair:3)
  2 merfolk (Lair:4)
  3 blink frogs (Lair:1)
  2 slime creatures (D:8)
  A hippogriff (Lair:1)
  4 redbacks (Lair:3)
  2 basilisks
  16 yaks
  4 water moccasins
  3 porcupines
  A black bear (D:4)
  An ice beast (D:8)
  4 orc warriors
  3 sky beasts
  2 phantoms
  2 necrophages
  15 ogres
  11 wolves
  5 centaurs
  4 crocodiles
  4 big kobolds
  16 bullfrogs
  2 wyvern skeletons
  3 scorpions
  19 killer bees
  9 howler monkeys
  An electric eel (Lair:2)
  3 crimson imps
  2 centaur zombies
  Crazy Yiuf (D:5)
  7 jellies
  7 hounds
  3 orc wizards
  2 bullfrog skeletons
  A centaur skeleton (D:4)
  An iron imp (D:5)
  3 orc priests
  A gnoll shaman (D:6)
  Jessica (D:3)
  4 iguanas
  8 worker ants
  Natasha (thrice) (D:4)
  Ijyb (D:3)
  A killer bee zombie (D:5)
  2 hound zombies
  A hound skeleton (D:8)
  2 worker ant zombies
  13 adders
  27 gnolls
  A shadow imp (D:6)
  4 oozes (D:8)
  2 adder skeletons
  3 worms
  A dart slug (D:2)
  6 leopard geckos
  30 orcs
  A giant cockroach (D:5)
  2 gnoll zombies (D:2)
  5 goblins
  6 hobgoblins
  3 jackals (D:6)
  19 kobolds
  A quokka (D:2)
  A ball python (D:1)
  A bat (D:1)
  6 frilled lizards
  2 jackal skeletons (D:6)
  A leopard gecko zombie (D:7)
  A quokka skeleton (D:5)
  7 rats
  A butterfly (Lair:3)
361 creatures vanquished.

Vanquished Creatures (others)
  2 fungi (D:8)
  2 plants
  8 toadstools (D:8)
12 creatures vanquished.

Grand Total: 373 creatures vanquished

Notes
Turn   | Place    | Note
-------+----------+-------------------------------------------
     0 | D:1      | epen the Felid Monk began the quest for the Orb.
     0 | D:1      | Reached XP level 1. HP: 10/10 MP: 2/2
   233 | D:1      | Reached XP level 2. HP: 11/14 MP: 3/3
   525 | D:2      | Reached skill level 3 in Stealth
   572 | D:2      | Reached XP level 3. HP: 17/17 MP: 4/4
  1196 | D:2      | Reached XP level 4. HP: 18/21 MP: 5/5
  1403 | D:3      | Noticed Ijyb
  1438 | D:3      | Noticed namelastname112's ghost (amateur BaSu)
  2019 | D:2      | Found a basalt altar of Yredelemnul.
  2082 | D:2      | namelastname112: !lg . won fe--
  2082 | D:2      | beem: 7. namelastname112 the Acrobat (L27 FeAr of Dithmenos), escaped with the Orb and 15 runes on 2017-09-27 19:42:52, with 20937875 points after 72263 turns and 3:48:47.
  2082 | D:2      | namelastname112: !lg . won fe-- all
  2082 | D:2      | beem: No games for namelastname112 (won fe-- all).
  2357 | D:2      | namelastname112: !lg . won race=felid
  2392 | D:2      | beem: 7. namelastname112 the Acrobat (L27 FeAr of Dithmenos), escaped with the Orb and 15 runes on 2017-09-27 19:42:52, with 20937875 points after 72263 turns and 3:48:47.
  2426 | D:3      | namelastname112: !won fe--
  2430 | D:2      | beem: No games for fe--.
  2481 | D:3      | namelastname112: !won . fe--
  2490 | D:3      | beem: namelastname112 (fe--) has won 7 times in 223 games (3.14%): 2xFeTm 1xFeAr 1xFeBe 1xFeCK 1xFeMo 1xFeWr
  2661 | D:3      | Noticed Jessica
  2668 | D:3      | Killed Jessica
  2677 | D:3      | namelastname112: !lg . won fe-- rune=15
  2677 | D:3      | beem: Unknown field: rune
  2701 | D:3      | namelastname112: !lg . won fe-- urune=15
  2709 | D:3      | beem: 3. namelastname112 the Acrobat (L27 FeAr of Dithmenos), escaped with the Orb and 15 runes on 2017-09-27 19:42:52, with 20937875 points after 72263 turns and 3:48:47.
  2844 | D:3      | Killed Ijyb
  2844 | D:3      | Reached skill level 4 in Stealth
  2844 | D:3      | Reached XP level 5. HP: 13/25 MP: 6/6
  3009 | D:4      | Reached skill level 5 in Dodging
  3132 | D:4      | Found a staircase to the Ecumenical Temple.
  3156 | Temple   | Entered the Ecumenical Temple
  3194 | Temple   | Became a worshipper of Dithmenos the Shadowed
  3194 | Temple   | Reached * piety under Dithmenos
  3194 | Temple   | Reached ** piety under Dithmenos
  3242 | D:4      | Noticed a black bear
  3249 | D:4      | Killed a black bear
  3249 | D:4      | Reached skill level 5 in Unarmed Combat
  3249 | D:4      | Gained mutation: You are covered in thick fur. (AC +2) [Felid growth]
  3249 | D:4      | Reached XP level 6. HP: 28/28 MP: 7/7
  3706 | D:4      | Reached skill level 5 in Stealth
  3765 | D:4      | Noticed Natasha
  3772 | D:4      | Killed Natasha
  3778 | D:4      | Reached XP level 7. HP: 33/33 MP: 8/8
  3863 | D:3      | Found a deep blue altar of Sif Muna.
  4036 | D:4      | Noticed Natasha
  4047 | D:4      | Killed Natasha
  4286 | D:4      | Noticed Natasha
  4292 | D:4      | Killed Natasha
  4649 | D:5      | Entered Level 5 of the Dungeon
  5058 | D:5      | Noticed Grinder
  5071 | D:5      | Paralysed by Grinder for 2 turns
  5074 | D:5      | Noticed Grinder
  5074 | D:5      | Grinder changed into Grinder the iron imp
  5085 | D:5      | Killed Grinder the iron imp
  5085 | D:5      | Reached skill level 6 in Stealth
  5223 | D:5      | Reached skill level 5 in Fighting
  5337 | D:5      | Found a glowing silver altar of Zin.
  5373 | D:5      | Reached XP level 8. HP: 36/37 MP: 9/9
  5377 | D:5      | namelastname112: !lg * killer=grinder_the_executioner
  5381 | D:5      | beem: 5. Toogi the Skirmisher (L8 FoCK of Xom), demolished by Grinder the Executioner on D:5 on 2017-08-25 15:03:57, with 1079 points after 4580 turns and 0:08:26.
  5572 | D:5      | namelastname112: !lg * killer=grinder_the_executioner -1
  5609 | D:5      | beem: 5. Toogi the Skirmisher (L8 FoCK of Xom), demolished by Grinder the Executioner on D:5 on 2017-08-25 15:03:57, with 1079 points after 4580 turns and 0:08:26.
  5609 | D:5      | namelastname112: !lg * killer=grinder_the_executioner 1
  5609 | D:5      | beem: 1/5. ProvTheAverage the Ruffian (L6 DrTm), slain by Grinder the Executioner on D:4 on 2012-08-20 23:29:19, with 641 points after 3179 turns and 0:19:43.
  5616 | D:5      | Got an iridescent dagger
  5619 | D:5      | namelastname112: !lg * killer=grinder_the_hell_beast
  5619 | D:5      | Identified the +8 dagger of Lunitaim {elec, +Rage Int-3 SInv} (You found it on level 5 of the Dungeon)
  5620 | D:5      | beem: 34. nobo the Magician (L9 GnWn of Xom), mangled by Grinder the hell beast on D:6 on 2018-05-23 01:18:39, with 1834 points after 5907 turns and 0:11:20.
  5625 | D:5      | Gained mutation: You have a pair of small antennae on your head. [potion of mutation]
  5625 | D:5      | Gained mutation: You are surrounded by a mild repulsion field. (EV +2) [potion of mutation]
  5625 | D:5      | Gained mutation: You are resistant to hostile enchantments. (MR+) [potion of mutation]
  5626 | D:5      | Lost mutation: You have a pair of small antennae on your head. [potion of mutation]
  5626 | D:5      | Lost mutation: You are surrounded by a mild repulsion field. (EV +2) [potion of mutation]
  5626 | D:5      | Gained mutation: You are frail. (-10% HP) [potion of mutation]
  5626 | D:5      | Lost mutation: You are frail. (-10% HP) [potion of mutation]
  5809 | D:5      | namelastname112: ??purple
  5872 | D:5      | beem: I don't have a page labeled purple in my learndb.
  6077 | D:5      | Found a runed door.
  6274 | D:5      | Noticed Crazy Yiuf
  6278 | D:5      | Killed Crazy Yiuf
  6338 | D:6      | Reached *** piety under Dithmenos
  6357 | D:6      | Reached skill level 7 in Stealth
  7153 | D:6      | Reached XP level 9. HP: 32/41 MP: 10/10
  7539 | D:7      | Reached skill level 8 in Stealth
  7703 | D:7      | Found Ceekemp's Magic Scroll Shoppe.
  7719 | D:7      | Bought a scroll of identify for 28 gold pieces
  7719 | D:7      | Bought a scroll of teleportation for 42 gold pieces
  7774 | D:7      | Reached **** piety under Dithmenos
  7799 | D:7      | Noticed a two-headed ogre
  9201 | D:8      | Found a staircase to the Lair.
  9230 | D:8      | Reached skill level 9 in Stealth
  9253 | Lair:1   | Entered Level 1 of the Lair of Beasts
  9253 | Lair:1   | Noticed a komodo dragon
  9265 | D:8      | Found a glowing golden altar of the Shining One.
  9884 | D:8      | Found a stormy altar of Qazlal.
  9884 | D:8      | Found a radiant altar of Vehumet.
  9886 | D:8      | Found an opulent altar of Gozag.
  9886 | D:8      | Found a sacrificial altar of Ru.
  9888 | D:8      | Found a snail-covered altar of Cheibriados.
  9888 | D:8      | Found a white marble altar of Elyvilon.
 10089 | D:8      | Found a deep blue altar of Sif Muna.
 10089 | D:8      | Found a burning altar of Makhleb.
 10134 | D:8      | Found a blossoming altar of Fedhas.
 10187 | D:8      | Reached XP level 10. HP: 47/47 MP: 11/11
 10290 | D:8      | Reached ***** piety under Dithmenos
 10396 | D:8      | Reached skill level 10 in Unarmed Combat
 10462 | D:9      | Reached skill level 10 in Stealth
 10681 | D:9      | Reached skill level 10 in Dodging
 10691 | D:9      | Found Jaij's Jewellery Shop.
 10998 | D:10     | Entered Level 10 of the Dungeon
 11451 | D:10     | Found a flagged portal.
 11482 | Bailey   | Entered a bailey
 11653 | Bailey   | Noticed an orc knight
 11678 | Bailey   | Killed an orc knight
 11678 | Bailey   | Reached skill level 11 in Stealth
 11803 | Bailey   | Reached XP level 11. HP: 13/51 MP: 12/12
 11960 | Bailey   | Found a burning altar of Makhleb.
 12550 | D:11     | Noticed an unseen horror
 12567 | D:11     | Killed an unseen horror
 12567 | D:11     | Reached ****** piety under Dithmenos
 12799 | D:11     | Noticed a purple ugly thing
 13316 | D:9      | Bought an uncursed ring of poison resistance for 240 gold pieces
 14270 | Lair:1   | Reached skill level 12 in Stealth
 15507 | Lair:3   | Noticed an oklob plant
 15719 | Lair:3   | Found a snail-covered altar of Cheibriados.
 15803 | Lair:2   | Mangled by a spiny frog
 15804 | Lair:2   | Reached XP level 10. HP: -8/49 MP: 11/11
 15813 | Lair:2   | Killed a spiny frog
 15813 | Lair:2   | Reached skill level 13 in Stealth
 15813 | Lair:2   | Reached XP level 11. HP: 53/53 MP: 12/12
 16667 | Lair:3   | Found a hole to the Spider Nest.
 16682 | Lair:3   | Slain by a jumping spider
 16683 | Lair:3   | Reached XP level 10. HP: -1/49 MP: 11/11
 16912 | Lair:3   | Noticed Fannar
 16919 | Lair:3   | Killed Fannar
 17484 | Lair:4   | Noticed a black mamba
 17485 | Lair:4   | Noticed an oklob plant
 17488 | Lair:4   | Killed a black mamba
 17959 | D:9      | Bought a +4 ring of protection for 432 gold pieces
 18082 | Lair:4   | Noticed a spiny frog
 18109 | Lair:3   | Reached skill level 14 in Stealth
 18109 | Lair:3   | Reached XP level 11. HP: 36/54 MP: 12/12
 18398 | Lair:3   | Slain by a jumping spider

Vault maps used:
D:1:      lemuel_arrival_lava_pool
D:2:      lemuel_zombie_altar_yredelemnul
D:3:      lemuel_upstairs_altar, uniq_ijyb, uniq_jessica
D:4:      minmay_temple_entry_large_hall, first_ration, hex_medium, uniq_natasha
D:5:      wad_crossroads, zin_statuary, uniq_grinder, uniq_crazy_yiuf_cottage
D:7:      serial_shops, shop
D:8:      cheibrodos_fertilizer, grunt_temple_overflow_diamond,
          grunt_temple_overflow_open, lemuel_crystal_altar
D:9:      serial_shops, shop
D:10:     lightli_bailey_entry_fortress, grunt_ogre_cave
D:11:     serial_shops, shop_statue, lemuel_centaur_altar
Temple:   cyrus_temple_forest
Lair:2:   special_room, nicolae_quartered_pool_medium
Lair:3:   nicolae_spider_entry_tight_spaces, lemuel_oklob_altar,
          lemuel_fruit_fields, uniq_fannar
Lair:4:   elwin_shoals_entry_rooms, serial_bayou_lagoon_a,
          minmay_lair_oklob_chamber
Bailey:   bailey_axe_3, bailey

Skill      XL: |  1  2  3  4  5  6  7  8  9 10 11 |
---------------+----------------------------------+-----
Stealth        | 3 4 5 6 7 9 14 12 | 14.1
Unarmed Combat | 4 5 6 8 9 11 13 | 13.0
Dodging        | 5 6 7 9 10 12 | 12.3
Fighting       | 4 5 6 7 8 9 |  9.8

Action                   |  1- 3 |  4- 6 |  7- 9 | 10-12 || total
-------------------------+-------+-------+-------+-------++-------
Melee: Unarmed           |    71 |   101 |   460 |   630 ||  1262
       Bite              |     5 |    12 |    62 |    81 ||   160
       Punch             |       |     1 |    18 |    43 ||    62
Invok: Shadow Step       |       |       |       |     1 ||     1
Evoke: Wand              |       |       |     1 |     2 ||     3
  Use: Scroll            |       |     1 |    15 |     6 ||    22
       Potion            |       |       |     8 |     3 ||    11
 Stab: Sleeping          |     6 |    14 |    16 |    37 ||    73
       Distracted        |       |     1 |     2 |     8 ||    11
       Confused          |       |       |       |     2 ||     2
  Eat: Chunk             |       |     6 |    19 |    19 ||    44
Armor: Skin              |     2 |     3 |    24 |     6 ||    35
Dodge: Dodged            |    65 |    59 |   417 |   643 ||  1184

Table legend:
 A = Spawn XP
 B = Non-spawn XP
 C = Spawn XP percentage of total XP
 D = Spawn monster count
 E = Non-spawn monster count
 F = Spawn count percentage of total count
 G = Total turns spent on level
                    A         B        C        D         E        F      G
               +---------+---------+-------+---------+---------+-------+---------
         Total |       0 |   29867 |   0.0 |       0 |     360 |   0.0 | 18398
               +---------+---------+-------+---------+---------+-------+---------
           D:1 |       0 |      13 |   0.0 |       0 |      10 |   0.0 |   678
           D:2 |       0 |     108 |   0.0 |       0 |      18 |   0.0 |  1723
           D:3 |       0 |      89 |   0.0 |       0 |      12 |   0.0 |   979
           D:4 |       0 |     710 |   0.0 |       0 |      23 |   0.0 |  1443
           D:5 |       0 |     876 |   0.0 |       0 |      26 |   0.0 |  1423
           D:6 |       0 |    1296 |   0.0 |       0 |      32 |   0.0 |  1921
           D:7 |       0 |    1022 |   0.0 |       0 |      26 |   0.0 |   911
           D:8 |       0 |    2956 |   0.0 |       0 |      53 |   0.0 |  2174
           D:9 |       0 |    3048 |   0.0 |       0 |      29 |   0.0 |   721
          D:10 |       0 |    1049 |   0.0 |       0 |      33 |   0.0 |  1054
          D:11 |       0 |    1213 |   0.0 |       0 |       7 |   0.0 |   314
        Lair:1 |       0 |    3653 |   0.0 |       0 |      18 |   0.0 |   741
        Lair:2 |       0 |    4100 |   0.0 |       0 |      23 |   0.0 |  1161
        Lair:3 |       0 |    6520 |   0.0 |       0 |      28 |   0.0 |  2218
        Lair:4 |       0 |    2301 |   0.0 |       0 |       9 |   0.0 |   341
        Bailey |       0 |     913 |   0.0 |       0 |      13 |   0.0 |   522
               +---------+---------+-------+---------+---------+-------+---------
